 Dungeon Crawl Stone Soup version 0.30.1-11-g7821555f0a (webtiles) character file.

Game seed: 16410083487342582187

3472 DrWho the Chiller (level 9, 0/70 HPs)
             Began as a Purple Draconian Ice Elementalist on Nov 5, 2023.
             Was a Believer of Qazlal.
             Slain by a harpy (1 damage)
             ... on level 7 of the Dungeon.
             The game lasted 00:26:39 (4975 turns).

DrWho the Chiller (DrIE)                            Turns: 4975, Time: 00:26:39

Health: 0/70       AC: 18    Str: 13    XL:     9   Next: 79%
Magic:  16/18      EV: 12    Int: 18    God:    Qazlal [**....]
Gold:   122        SH:  2    Dex: 11    Spells: 12/20 levels left

rFire   . . .        v - +0 glaive (protect)
rCold   . . .        (shield currently unavailable)
rNeg    . . .        (body armour unavailable)
rPois   +            (helmet restricted)
rElec   .            (no cloak)
rCorr   .            (no gloves)
SInv    .            (no boots)
Will    +....        o - amulet of the acrobat
Stlth   ++           l - +4 ring of protection
HPRegen 0.31/turn    g - ring of poison resistance
MPRegen 0.16/turn

%: acrobat
@: mighty, short of breath, under a protective aura
A: breathe power, AC +7, unfitting armour, cold-blooded
a: Breathe Dispelling Energy, Renounce Religion, Upheaval


You were on level 7 of the Dungeon.
You worshipped Qazlal.
Qazlal was pleased with you.
You visited 1 branch of the dungeon, and saw 6 of its levels.
You also visited: Bailey.

You collected 212 gold pieces.
You spent 90 gold pieces at shops.

Inventory:

Hand Weapons
 d - a +1 sling of flaming
 j - a +0 short sword
 r - a +0 halberd
 v - a +0 glaive of protection (weapon)
Jewellery
 g - a ring of poison resistance (right hand)
 l - a +4 ring of protection (left hand)
 o - an amulet of the acrobat (around neck)
Scrolls
 b - 2 scrolls of noise
 e - a scroll of amnesia
 k - 3 scrolls of teleportation
 m - a scroll of fog
 t - a scroll of blinking {unknown}
Potions
 a - a potion of flight {unknown}
 c - 4 potions of attraction
 h - a potion of berserk rage {unknown}
 n - 2 potions of brilliance {unknown}
 p - 2 potions of mutation {unknown}
 q - a potion of cancellation {unknown}
 u - 2 potions of resistance {unknown}


   Skills:
 * Level 3.5 Fighting
 * Level 3.0 Short Blades
 - Level 2.3 Polearms
 * Level 4.4 Ranged Weapons
 * Level 3.6 Dodging
 * Level 3.7 Stealth
 + Level 0.4 Shields
 * Level 3.2 Unarmed Combat
 * Level 6.2 Spellcasting
 * Level 3.0 Summonings
 * Level 2.8 Necromancy
 * Level 2.5 Translocations
 * Level 6.6 Ice Magic
 * Level 3.2 Invocations
 * Level 2.5 Evocations


You had 12 spell levels left.
You knew the following spells:

 Your Spells              Type           Power      Damage    Failure   Level
a - Freeze                Ice            100%       1d10      1%          1
b - Frozen Ramparts       Ice            58%        1d9       2%          3
c - Summon Small Mammal   Summ           64%        N/A       3%          1
d - Necrotise             Necr           60%        1d7       3%          1
e - Blink                 Tloc           28%        N/A       6%          2

Your spell library contained the following spells:

 Spells                   Type           Power      Damage    Failure   Level
 Ozocubu's Armour         Ice            29%        N/A       2%          3
 Apportation              Tloc           28%        N/A       4%          1
 Call Imp                 Summ           32%        N/A       5%          2
 Lesser Beckoning         Tloc           28%        N/A       6%          2
 Momentum Strike          Conj/Tloc      20%        3d8       11%         2
 Magic Dart               Conj           20%        1d4       12%         1
 Summon Ice Beast         Ice/Summ       22%        N/A       16%         4
 Mephitic Cloud           Conj/Pois/Air  5%         N/A       34%         3


Dungeon Overview and Level Annotations

Branches:
Dungeon (7/15)             Temple (0/1) D:4          Bailey (visited)

Altars:
Cheibriados
Makhleb
Nemelex Xobeh
Qazlal
Sif Muna
Trog
Zin


Innate Abilities, Weirdness & Mutations

You can breathe bolts of dispelling energy.
Your rich purple scales are hard. (AC +7)
You cannot fit into any form of body armour.
You are cold-blooded and may be slowed by cold attacks.


Message History

The wall freezes the iguana!
You kill the iguana!
Qazlal accepts your kill.
Press: ? - help, . - travel You can't see that place. [the floor.]
There are monsters nearby!
You feel very mighty all of a sudden.
The wall freezes the harpy.
The harpy barely misses you. The harpy misses you.
The wall freezes the harpy.
You block the harpy's attack. The harpy barely misses you.
The white imp completely resists.
The wall freezes the white imp but does no damage.
The wall freezes the harpy.
The harpy closely misses you. The harpy claws you but does no damage.
You closely miss the harpy.
The harpy is moderately wounded.
The wall freezes the harpy.
The harpy claws you but does no damage. x2
The wall freezes the harpy.
The harpy closely misses you. You block the harpy's attack.
The white imp resists.
The wall freezes the white imp.
The wall freezes the harpy.
The harpy barely misses you. The harpy claws you but does no damage.
The white imp completely resists.
The wall freezes the white imp but does no damage.
You barely miss the harpy.
Your tail-slap misses the harpy.
The harpy is heavily wounded.
The frozen ramparts melt away.
The harpy closely misses you. The harpy barely misses you.
The harpy claws you. x2
* * * LOW HITPOINT WARNING * * *
The white imp lashes its tail.
You hit the harpy.
Your weapon exudes an aura of protection.
The harpy is severely wounded.
The harpy claws you!
* * * LOW HITPOINT WARNING * * *
The harpy misses you. The harpy claws you.
* * * LOW HITPOINT WARNING * * *
The harpy claws you.
* * * LOW HITPOINT WARNING * * *
The harpy claws you but does no damage. The harpy claws you.
You die...

#.............
#######..#..........
#...................
#...##..#..###.......#
#.. ##................ (
##..#..###.........
##...#..# #.........
####..#...)###.........
#...........@H5$.......
##.###....#.###....$....
#.[)......#.# #.........
####..##.......#
##.<##....
.......#####<..##
##.......
........#.....).#
###....
..........≈≈≈≈≈.### #
..........≈..)≈[..#
..).......≈.∩>~.#...#


You could see a harpy and a white imp.

Vanquished Creatures
  A two-headed ogre (Bailey)
  Pikel (D:5)
  A hornet (D:7)
  3 spriggans (Bailey)
  A wyvern (D:7)
  Sigmund (D:5)
  A steam dragon (Bailey)
  2 water moccasins (D:7)
  A centaur (D:7)
  3 ogres (Bailey)
  A lemure (D:5)
  A bullfrog (D:7)
  4 howler monkeys (D:7)
  2 orc priests (D:7)
  3 hounds
  2 iguanas (D:7)
  5 orc wizards
  10 gnolls
  7 adders
  A shadow imp (D:7)
  A white imp (D:5)
  3 worms
  2 dart slugs
  12 orcs
  6 ball pythons
  2 bats
  5 endoplasms
  3 giant cockroaches
  8 goblins
  7 hobgoblins
  7 jackals
  9 kobolds
  A quokka (D:2)
  5 frilled lizards
  5 rats
127 creatures vanquished.

Notes
Turn   | Place    | Note
-------+----------+-------------------------------------------
     0 | D:1      | DrWho the Draconian Ice Elementalist began the quest for
                  | the Orb.
     0 | D:1      | Reached XP level 1. HP: 14/14 MP: 3/3
   120 | D:1      | Reached XP level 2. HP: 14/20 MP: 0/5
   434 | D:2      | Reached XP level 3. HP: 27/27 MP: 2/6
   438 | D:2      | Learned a level 3 spell: Frozen Ramparts
   586 | D:3      | Found a bloodstained altar of Trog.
   658 | D:3      | Found a stormy altar of Qazlal.
   667 | D:3      | Became a worshipper of Qazlal Stormbringer
   763 | D:3      | Reached skill level 1 in Ranged Weapons
   766 | D:3      | Reached XP level 4. HP: 24/34 MP: 1/7
   905 | D:3      | Found a snail-covered altar of Cheibriados.
   994 | D:3      | Learned a level 1 spell: Summon Small Mammal
   996 | D:3      | Learned a level 1 spell: Necrotise
  1014 | D:3      | Found a faded altar of an unknown god.
  2473 | D:1      | Reached * piety under Qazlal
  2718 | D:4      | Reached skill level 1 in Fighting
  2718 | D:4      | Reached skill level 1 in Unarmed Combat
  2718 | D:4      | Reached XP level 5. HP: 34/40 MP: 3/9
  2856 | D:4      | Found a sparkling altar of Nemelex Xobeh.
  2975 | D:4      | Found Zin's Purification Station.
  2987 | D:4      | Found a glowing silver altar of Zin.
  2993 | D:4      | Bought a potion of curing for 90 gold pieces
  3052 | D:4      | Found a staircase to the Ecumenical Temple.
  3056 | D:4      | Reached skill level 1 in Invocations
  3067 | D:4      | Learned a level 2 spell: Blink
  3195 | D:4      | Reached XP level 6. HP: 47/47 MP: 2/10
  3351 | D:4      | Reached skill level 1 in Short Blades
  3742 | D:5      | Entered Level 5 of the Dungeon
  3742 | D:5      | Noticed Pikel
  3770 | D:5      | Killed Pikel
  3771 | D:5      | Reached skill level 1 in Polearms
  3771 | D:5      | Reached skill level 1 in Summonings
  3771 | D:5      | Reached skill level 1 in Necromancy
  3771 | D:5      | Reached skill level 1 in Translocations
  3771 | D:5      | Reached skill level 5 in Ice Magic
  3771 | D:5      | Your scales start taking on a rich purple colour.
  3771 | D:5      | Reached XP level 7. HP: 11/53 MP: 1/13
  4054 | D:5      | Noticed Sigmund
  4067 | D:5      | Killed Sigmund
  4125 | D:5      | Found a shimmering blue altar of Sif Muna.
  4133 | D:5      | Found a burning altar of Makhleb.
  4253 | D:5      | Reached XP level 8. HP: 61/61 MP: 8/14
  4307 | D:5      | You fall into a shaft and drop 2 floors!
  4342 | D:7      | Found a flagged portal.
  4357 | D:7      | Reached ** piety under Qazlal
  4372 | Bailey   | Entered a bailey
  4515 | Bailey   | Reached skill level 5 in Spellcasting
  4515 | Bailey   | Reached skill level 1 in Evocations
  4571 | Bailey   | Noticed a two-headed ogre
  4585 | Bailey   | Killed a two-headed ogre
  4586 | Bailey   | Reached XP level 9. HP: 58/69 MP: 0/17
  4971 | D:7      | an ice beast changed into a harpy
  4971 | D:7      | Noticed a harpy
  4975 | D:7      | HP: 2/70 [harpy (5)]
  4975 | D:7      | Slain by a harpy

Illustrated notes

Levels and vault maps discovered:
D:1:      mrwooster_arrival_arrow, layout_basic
D:2:      layout_basic
D:3:      layout_loops_ring, mainiacjoe_overflow_small_starburst,
          mainiacjoe_overflow_cross_hatched, nicolae_qazlal_eye_of_the_storm,
          shapermc_ecumenical_altar_petra
D:4:      layout_loops_ring, old_standard_altar, zin_purify, temple_fountains
D:5:      layout_basic, mainiacjoe_overflow_catwalk_spiral,
          lightli_sewer_entry_pipes, corexii_corridor_pit, uniq_sigmund,
          uniq_pikel
D:7:      layout_rooms, enter_bailey_5, minmay_misc_feat_x, minivault_27,
          minmay_increasing_density

Skill      XL: |  1  2  3  4  5  6  7  8  9 |
---------------+----------------------------+-----
Stealth        | 2 3 |  3.7
Ranged Weapons | 1 2 4 |  4.4
Dodging        | 2 3 |  3.6
Fighting       | 1 2 3 |  3.5
Unarmed Combat | 1 2 3 |  3.2
Spellcasting   | 3 4 5 6 |  6.2
Invocations    | 1 2 3 |  3.2
Short Blades   | 1 2 3 |  3.0
Polearms       | 1 2 |  2.3
Summonings     | 1 2 3 |  3.0
Necromancy     | 1 2 |  2.8
Translocations | 1 2 |  2.5
Ice Magic      | 5 6 |  6.6
Evocations     | 1 2 |  2.5
Shields        | |  0.4

Action                     |  1- 3 |  4- 6 |  7- 9 || total
---------------------------+-------+-------+-------++-------
  Melee: Unarmed           |     7 |       |       ||     7
         Short sword       |     9 |     1 |       ||    10
         Tailslap          |     2 |     2 |     3 ||     7
         Sling             |       |     1 |       ||     1
         Halberd           |       |     2 |       ||     2
         Glaive            |       |       |    15 ||    15
   Fire: Sling             |    33 |    97 |    36 ||   166
   Cast: Freeze            |    36 |    39 |    41 ||   116
         Frozen Ramparts   |     2 |    20 |    17 ||    39
 Invoke: Upheaval          |       |       |     2 ||     2
Ability: Breathe Dispellin |       |       |    10 ||    10
  Evoke: Wand              |       |       |     5 ||     5
    Use: Potion            |     1 |     4 |     4 ||     9
         Scroll            |     1 |     9 |       ||    10
 Armour: Skin              |    28 |    36 |    36 ||   100
  Dodge: Dodged            |    57 |    59 |   111 ||   227
  Block: Other             |       |     2 |    10 ||    12
